 Dungeon Crawl Stone Soup version 0.30-a0-39-g42789b21ef (webtiles) character file.

Game seed: 5155974961263699214

35 ytrimaz the Sneak (level 3, -5/23 HPs)
             Began as an Octopode Transmuter on Aug 29, 2022.
             Killed from afar by Natasha (9 damage)
             ... with a magic dart
             ... on level 2 of the Dungeon.
             The game lasted 00:02:15 (1488 turns).

ytrimaz the Sneak (Octopode Transmuter)             Turns: 1488, Time: 00:02:16

Health: -5/23      AC:  2    Str:  9    XL:     3   Next: 35%
Magic:  0/6        EV: 19    Int: 17    God:
Gold:   64         SH:  0    Dex: 17    Spells: 0/6 levels left

rFire   . . .      SeeInvis .      - Unarmed
rCold   . . .      Faith    .    (shield currently unavailable)
rNeg    . . .      Spirit   .    (helmet currently unavailable)
rPois   x          Reflect  .    (no amulet)
rElec   .          Harm     .    (no ring)
rCorr   .          Rampage  .    (no ring)
Will    .....                    (no ring)
Stlth   +++.......               (no ring)
HPRegen 0.07/turn                (no ring)
MPRegen 0.10/turn                (no ring)
                                 (no ring)
                                 (no ring)

@: spider-form, very slightly contaminated
A: venomous fangs, almost no armour, (amphibious), 8 rings, tiny, (camouflage
1), (gelatinous body 1), (nimble swimmer 1), (tentacles)
a: End Transformation


You were on level 2 of the Dungeon.
You were a venomous arachnid creature.
You visited 1 branch of the dungeon, and saw 2 of its levels.

You collected 64 gold pieces.

Inventory:

Potions
 a - 2 potions of lignification
 c - a potion of magic {unknown}
 e - a potion of ambrosia {unknown}
 g - a potion of degeneration {unknown}


   Skills:
 - Level 1.0 Fighting
 - Level 2.0 Dodging
 + Level 4.2 Stealth
 - Level 3.0 Unarmed Combat
 - Level 2.0 Spellcasting
 + Level 2.0 Transmutations
 * Level 0.0 Poison Magic


You couldn't memorise any spells.
You knew the following spells:

 Your Spells              Type           Power      Damage    Failure   Level
a - Beastly Appendage     Tmut           16%        N/A       22%         1
b - Wereblood             Tmut           8%         N/A       30%         2
c - Spider Form           Tmut/Pois      5%         N/A       58%         3

Your spell library contained the following spells:

 Spells                   Type           Power      Damage    Failure   Level
 Ensorcelled Hibernation  Hex/Ice        2%         N/A       50%         2
 Ice Form                 Ice/Tmut       5%         N/A       90%         4
 Anguish                  Hex/Necr       0%         N/A       96%         4


Dungeon Overview and Level Annotations

Branches:
Dungeon (2/15)

Altars:

Annotations:
D:2 Natasha


Innate Abilities, Weirdness & Mutations

You are a venomous arachnid creature.
You have poisonous fangs.
You are tiny and dextrous.
Your spellcasting is less reliable in this form.
Your armour is entirely melded.
You are incapable of wielding weapons or throwing items.
You cannot wear most types of armour.
((You are amphibious.))
You can wear up to eight rings at the same time.
((Your skin changes colour to match your surroundings (Stealth+).))
((Your rubbery body absorbs attacks. (AC +1, EV +1)))
((You are camouflaged when in or above water. (Stealth+)))
((You have tentacles for arms and can constrict up to eight enemies at once.))


Message History

Natasha, Servant of Life and Death comes into view.
The goblin misses you.
You closely miss the goblin.
Natasha hisses angrily.
Your grab misses the goblin. You squeeze the goblin.
You kill the goblin!
A hobgoblin comes into view.
Found 7 gold pieces.
A bat comes into view.
The bat moves out of view.
Natasha mumbles some strange words.
There are monsters nearby!
There are monsters nearby!
Casting: Beastly Appendage (safe; 9% risk of failure)
Confirm with . or Enter, or press ? or * to list all spells.
The spell is extremely dangerous to miscast (36% risk of failure)!
Continue anyway?
You miscast Spider Form.
Nothing appears to happen.
The hobgoblin shouts!
Natasha casts a spell at you. The magic dart hits you.
The white imp gestures at you. The puff of frost hits you!
Unknown command.
Casting: Spider Form (extremely dangerous; 36% risk of failure)
Confirm with . or Enter, or press ? or * to list all spells.
You don't have enough magic to cast this spell.
Unknown command.
Unknown command.
There is an open door here.
Casting: Spider Form (extremely dangerous; 36% risk of failure)
Confirm with . or Enter, or press ? or * to list all spells.
The spell is extremely dangerous to miscast (36% risk of failure)!
Continue anyway?
You turn into a venomous arachnid creature.
Natasha casts a spell at you. The magic dart hits you!
* * * LOW HITPOINT WARNING * * *
Unknown command.
Natasha casts a spell at you. The magic dart hits you!
You die...

.#### .....#+###
.........# #####
.........# #...
.$.......###.########
........h'.5.#......#
.........##h.#.###.##
.......5.##s.#..<#.#
.........##..#####.#
.........#.......#.##.#
....g....#...###.#.##.#
.........#.....#.#.##.#
.........#..##.#.#.##.#
####.#####.....#.#.##>#
#.######.####.#.##.#
.............#.##.#


You could see Natasha and a white imp (summoned).

Vanquished Creatures
  Natasha (D:2)
  2 goblins
  A quokka (D:1)
  4 ball pythons (D:2)
  4 frilled lizards (D:1)
  A kobold (D:2)
13 creatures vanquished.

Notes
Turn   | Place    | Note
-------+----------+-------------------------------------------
     0 | D:1      | ytrimaz the Octopode Transmuter began the quest for the
                  | Orb.
     0 | D:1      | Reached XP level 1. HP: 13/13 MP: 3/3
    63 | D:1      | Reached skill level 1 in Stealth
   588 | D:1      | Reached skill level 2 in Stealth
  1295 | D:2      | Found a faded altar of an unknown god.
  1303 | D:2      | Reached XP level 2. HP: 16/18 MP: 3/5
  1324 | D:2      | Noticed Natasha
  1327 | D:2      | Noticed a crimson imp
  1329 | D:2      | Killed Natasha
  1330 | D:2      | Reached skill level 4 in Stealth
  1330 | D:2      | Reached XP level 3. HP: 19/23 MP: 3/6
  1333 | D:2      | Learned a level 2 spell: Wereblood
  1337 | D:2      | Learned a level 3 spell: Spider Form
  1476 | D:2      | Noticed Natasha
  1488 | D:2      | Killed from afar by Natasha

Illustrated notes

Levels and vault maps discovered:
D:1:      erik_arrival_cave_to_civilisation [erik_arrival_cave_to_hall],
          layout_basic
D:2:      minmay_alternating_diamond, layout_basic,
          nicolae_ecumenical_snake_handling, chequers_serial_rivers_micro_a,
          minmay_misc_feat_cross, uniq_natasha

Skill      XL: |  1  2 |
---------------+-------+-----
Stealth        | 2 4 |  4.2
Fighting       | |  1.0
Dodging        | |  2.0
Unarmed Combat | |  3.0
Spellcasting   | |  2.0
Transmutations | |  2.0

Action                   || total
-------------------------++-------
Melee: Unarmed           ||    26
       Tentacles         ||     7
       Constrict         ||     5
       Kick              ||     4
 Cast: Beastly Appendage ||     5
       Spider Form       ||     1
  Use: Scroll            ||     2
 Stab: Sleeping          ||     2
Armor: Skin              ||     1
Dodge: Dodged            ||    12

Table legend: (Time is in decaauts)
 A = Elapsed time spent in this place.
 B = Non-inter-level travel time spent in this place.
 C = Inter-level travel time spent in this place.
 D = Time resting spent in this place.
 E = Time spent auto-exploring this place.
 F = Levels seen in this place.
 G = Mean time per level.
                   A        B        C        D        E       F      G
               +--------+--------+--------+--------+--------+-----+--------+
         Total |   1485 |   1447 |     38 |    203 |   1117 |   2 |  742.5 |
       Dungeon |   1485 |   1447 |     38 |    203 |   1117 |   2 |  742.5 |
               +--------+--------+--------+--------+--------+-----+--------+

Top non-repeatable levels by time:
     D:1: 1262 daAuts
     D:2: 223 daAuts
